 Dungeon Sprint DCSS version 0.22.1-2-g9c5b331 (webtiles) character file.

2124 diana the Fighter (level 9, -2/93 HPs)
             Began as a White Draconian Berserker on Dec 5, 2018.
             Was a High Priest of Trog.
             Slain by a three-headed hydra (10 damage)
             ... in the Dungeon (Sprint IX: "|||||||||||||||||||||||||||||").
             The game lasted 00:03:52 (1401 turns).

diana the Fighter (White Draconian Berserker)       Turns: 1401, Time: 00:03:54

Health: -2/93      AC:  8    Str: 22    XL:     9   Next: 8%
Magic:  4/9        EV: 21    Int:  9    God:    Trog [*****.]
Gold:   0          SH:  0    Dex: 10    Spells: 8/8 levels left

rFire    . . .     SeeInvis .   m - +2 scimitar (flame)
rCold    + . .     Gourm    .   (no shield)
rNeg     . . .     Faith    .   (armour unavailable)
rPois    .         Spirit   .   (helmet restricted)
rElec    .         Reflect  .   q - +0 cloak
rCorr    .         Harm     .   (no gloves)
MR       .....     NoTele   +   (no boots)
Stlth    +.........             t - amulet of the acrobat
HPRegen  0.25/turn              n - +2 ring of evasion
MPRegen  0.11/turn              o - +2 ring of evasion

@: starving
A: breathe frost, unfitting armour, cold resistance 1, cold-blooded, AC +7
a: Breathe Frost, Berserk, Trog's Hand, Brothers in Arms, Renounce Religion


You were in the Dungeon.
You worshipped Trog.
Trog was extremely pleased with you.
You were starving.

You visited 1 branch

Inventory:

Hand Weapons
 a - a +0 falchion
 b - a +6 antimagic great sword
 m - a +2 scimitar of flaming (weapon)
Armour
 p - a +1 chain mail of fire resistance
 q - a +0 cloak (worn)
Magical Staves
 l - an uncursed staff of energy
Jewellery
 n - a +2 ring of evasion (left hand)
 o - a +2 ring of evasion (right hand)
 t - an amulet of the acrobat (around neck)
Wands
 k - a wand of iceblast (10)
Scrolls
 h - a scroll of blinking
 j - 3 scrolls of remove curse
 v - 2 scrolls of enchant armour
 w - a scroll of identify
 x - a scroll of fog
 y - 2 scrolls of fear
Potions
 c - 6 potions of curing
 e - 5 potions of haste
 f - 4 potions of magic
 g - a potion of berserk rage
 i - a potion of invisibility
 r - a potion of resistance
 s - a potion of might
 u - a potion of agility


   Skills:
 + Level 13.1 Fighting
 + Level 12.1 Long Blades
 + Level 11.2 Dodging


You had 8 spell levels left.
You didn't know any spells.
Your spell library was empty.

Dungeon Overview and Level Annotations

Branches:
Dungeon (1/1)

Altars:
Cheibriados
Dithmenos
Elyvilon
Fedhas
Gozag
Hepliaklqana
Kikubaaqudgha
Makhleb
Nemelex Xobeh
Okawaru
Qazlal
Ru
Sif Muna
Trog
Uskayaw
Vehumet
Wu Jian
Xom
Yredelemnul
Zin
The Shining One
Beogh
Jiyva
Lugonu


Innate Abilities, Weirdness & Mutations

You can breathe waves of freezing cold.
You can buffet flying creatures when you breathe cold.
Your icy white scales are hard. (AC +7)
You cannot fit into any form of body armour.
Your flesh is cold resistant. (rC+)
You are cold-blooded and may be slowed by cold attacks.


Message History

You barely miss the three-headed hydra. You tail-slap the three-headed hydra.
The three-headed hydra is moderately wounded.
The three-headed hydra bites you!
* * * LOW HITPOINT WARNING * * *
The three-headed hydra bites you.
* * * LOW HITPOINT WARNING * * *
The three-headed hydra bites you but does no damage.
You hit the three-headed hydra but do no damage.
The three-headed hydra is moderately wounded.
The three-headed hydra closely misses you. x2
The three-headed hydra bites you!
* * * LOW HITPOINT WARNING * * *
Unknown command.
You barely miss the three-headed hydra.
The three-headed hydra is moderately wounded.
The three-headed hydra bites you.
* * * LOW HITPOINT WARNING * * *
The three-headed hydra barely misses you.
The three-headed hydra bites you!
You die...

▓▓▓▓▓▓▓▓▓▓▓▓▓▓▓▓▓▓▓▓▓▓▓▓▓▓▓▓▓▓▓▓▓
.().?.'________________________'.
▓▓▓▓▓▓▓▓▓▓▓▓▓▓▓▓▓▓▓▓▓▓▓▓▓▓▓▓▓▓▓▓▓
................@D......FF.Y.....
▓▓▓▓▓▓▓▓▓▓▓▓▓▓▓▓▓▓▓▓▓▓▓▓▓▓▓▓▓▓▓▓▓
......'...... ▓▓▓▓▓▓▓▓▓▓▓▓▓


You could see a three-headed hydra.

Vanquished Creatures
  An ugly thing (D)
  2 spiny frogs (D)
  A komodo dragon (D)
  A soldier ant (D)
  A sky beast (D)
  A necrophage (D)
  An ogre (D)
  A centaur (D)
  A crocodile (D)
  A big kobold (D)
  2 bullfrogs (D)
  A scorpion (D)
  A crimson imp (D)
  A hound (D)
  An iguana (D)
  2 worker ants (D)
  A gnoll (D)
  An adder zombie (D)
  An adder skeleton (D)
  A dart slug (D)
  An orc (D)
  A kobold (D)
  2 rats (D)
27 creatures vanquished.

Notes
Turn   | Place    | Note
-------+----------+-------------------------------------------
     0 | D        | diana the Draconian Berserker began the quest for the Orb.
     0 | D        | Reached XP level 1. HP: 19/19 MP: 1/1
    11 | D        | Reached ** piety under Trog
    11 | D        | Reached skill level 4 in Fighting
    11 | D        | Reached XP level 2. HP: 7/28 MP: 2/2
   263 | D        | Noticed a necrophage
   268 | D        | Reached skill level 5 in Fighting
   268 | D        | Reached XP level 3. HP: 36/36 MP: 3/3
   271 | D        | Reached *** piety under Trog
   271 | D        | Reached skill level 5 in Long Blades
   277 | D        | Killed a necrophage
   277 | D        | Reached skill level 7 in Fighting
   277 | D        | Reached XP level 4. HP: 47/47 MP: 4/4
   277 | D        | Reached XP level 5. HP: 52/52 MP: 5/5
   315 | D        | Found a roughly hewn altar of Beogh.
   315 | D        | Found a snail-covered altar of Cheibriados.
   315 | D        | Found a shadowy altar of Dithmenos.
   315 | D        | Found a white marble altar of Elyvilon.
   315 | D        | Found a blossoming altar of Fedhas.
   315 | D        | Found an opulent altar of Gozag.
   316 | D        | Found a hazy altar of Hepliaklqana.
   317 | D        | Found a viscous altar of Jiyva.
   318 | D        | Found an ancient bone altar of Kikubaaqudgha.
   319 | D        | Found a corrupted altar of Lugonu.
   320 | D        | Found a burning altar of Makhleb.
   321 | D        | Found a sparkling altar of Nemelex Xobeh.
   322 | D        | Found an iron altar of Okawaru.
   323 | D        | Found a stormy altar of Qazlal.
   324 | D        | Found a sacrificial altar of Ru.
   325 | D        | Found a deep blue altar of Sif Muna.
   326 | D        | Found a bloodstained altar of Trog.
   327 | D        | Found a hide-covered altar of Uskayaw.
   328 | D        | Found a radiant altar of Vehumet.
   329 | D        | Found an ornate altar of the Wu Jian Council.
   330 | D        | Found a shimmering altar of Xom.
   331 | D        | Found a basalt altar of Yredelemnul.
   332 | D        | Found a glowing silver altar of Zin.
   333 | D        | Found a glowing golden altar of the Shining One.
   376 | D        | Noticed a centaur
   376 | D        | Noticed a sky beast
   382 | D        | Reached **** piety under Trog
   387 | D        | Killed a sky beast
   387 | D        | Reached skill level 8 in Fighting
   387 | D        | Reached XP level 6. HP: 60/62 MP: 6/6
   390 | D        | Reached skill level 9 in Fighting
   399 | D        | Reached ***** piety under Trog
   531 | D        | Noticed a red ugly thing
   531 | D        | Noticed a soldier ant
   545 | D        | Killed a red ugly thing
   545 | D        | Reached skill level 11 in Fighting
   545 | D        | Reached skill level 10 in Long Blades
   545 | D        | Your scales start taking on an icy white colour.
   545 | D        | Reached XP level 7. HP: 25/74 MP: 7/7
   545 | D        | Gained mutation: Your flesh is cold resistant. (rC+) [White
                  | Draconian growth]
   552 | D        | Received a gift from Trog
   559 | D        | Reached XP level 8. HP: 40/82 MP: 2/8
   565 | D        | Reached skill level 10 in Dodging
   918 | D        | Noticed a five-headed hydra
   918 | D        | Noticed a spiny frog
   918 | D        | Noticed a komodo dragon
   918 | D        | Noticed a spiny frog
   922 | D        | Noticed an elephant
   931 | D        | Killed a spiny frog
   931 | D        | Reached skill level 12 in Fighting
   949 | D        | Killed a komodo dragon
   980 | D        | HP: 2/85 [five-headed hydra (11)]
  1360 | D        | Killed a spiny frog
  1360 | D        | Received a gift from Trog
  1360 | D        | Reached skill level 13 in Fighting
  1360 | D        | Reached XP level 9. HP: 93/93 MP: 3/9
  1401 | D        | Slain by a three-headed hydra

Skill      XL: |  1  2  3  4  5  6  7  8 |
---------------+-------------------------+-----
Dodging        | 3 4 6 7 9 11 | 11.2
Fighting       | 4 5 7 8 11 13 | 13.1
Long Blades    | 4 6 7 10 12 | 12.1

Action                   |  1- 3 |  4- 6 |  7- 9 || total
-------------------------+-------+-------+-------++-------
Melee: Falchion          |    20 |    32 |     8 ||    60
       Tailslap          |     4 |     7 |    15 ||    26
       Great sword       |       |       |    27 ||    27
       Scimitar          |       |       |     8 ||     8
Invok: Berserk           |     2 |     2 |       ||     4
  Use: Potion            |       |       |     3 ||     3
       Scroll            |       |       |     1 ||     1
  Eat: Ration            |       |     1 |       ||     1
Armor: Skin              |     1 |     5 |    10 ||    16
Dodge: Dodged            |     7 |    11 |    45 ||    63
       Rpst.: Falchion   |     3 |     4 |       ||     7
       Great sword       |       |       |    10 ||    10
